 Dungeon Crawl Stone Soup version 0.20-a0 (webtiles) character file.

3840 motku89 the Basher (level 10, -8/71 HPs)
             Began as an Octopode Fighter on Oct 27, 2016.
             Was a Believer of Makhleb.
             Mangled by a crocodile (17 damage)
             ... on level 8 of the Dungeon.
             The game lasted 00:14:08 (8221 turns).

motku89 the Basher (Octopode Fighter)               Turns: 8221, Time: 00:14:09

Health: -8/71      AC:  5    Str: 15    XL:     10   Next: 18%
Magic:  10/10      EV: 13    Int: 19    God:    Makhleb [**....]
Gold:   438        SH: 11    Dex: 15    Spells: 0 memorised, 9 levels left

rFire  . . .     SeeInvis +     x - +1 whip (flame)
rCold  + . .     Gourm    .     b - +1 shield
rNeg   . . .     Faith    .     (helmet restricted)
rPois  +         Spirit   .     (no amulet)
rElec  .         Reflect  .     G - ring of the Catamount {*Contam +Fly rPois Int+8 Slay-3}
rCorr  .         Harm     .     l - +3 ring of slaying
MR     .....                    s - +4 ring of protection
Stlth  +++++.....               z - ring of protection from cold
                                L - ring of see invisible
                                (no ring)
                                (no ring)
                                (no ring)

@: no status effects
A: almost no armour, stealthy swim, amphibious, 8 rings, constrict 8, camouflage
1, gelatinous body 1
a: Minor Destruction, Renounce Religion, Evoke Flight


You were on level 8 of the Dungeon.
You worshipped Makhleb.
Makhleb was pleased with you.
You were hungry.

You visited 2 branches of the dungeon, and saw 9 of its levels.

You collected 438 gold pieces.

Inventory:

Hand Weapons
 a - a +0 flail
 x - a +1 whip of flaming (weapon)
 C - a +2 flail of draining
Missiles
 N - 2 throwing nets (quivered)
Armour
 b - a +1 shield (worn)
Jewellery
 l - a +3 ring of slaying (right tentacle)
 s - a +4 ring of protection (on tentacle)
 u - an uncursed ring of fire
 z - a ring of protection from cold (on tentacle)
 G - the ring of the Catamount (left tentacle) {*Contam +Fly rPois Int+8 Slay-3}
   (You found it on level 5 of the Dungeon)

   [ring of slaying]

   It affects your intelligence (+8).
   It affects your accuracy and damage with ranged weapons and melee attacks
   (-3).
   It protects you from poison.
   It lets you fly.
   It causes magical contamination when unequipped.
 J - an uncursed ring of fire
 L - a ring of see invisible (on tentacle)
Wands
 n - a wand of iceblast (6/15)
 v - a wand of confusion (13/48)
 B - a wand of iceblast (6/15)
 D - a wand of slowing (29/48)
 F - a wand of teleportation (3/9)
Scrolls
 e - 5 scrolls of teleportation
 g - a scroll of enchant armour
 j - 4 scrolls of remove curse
 m - a scroll of random uselessness
 q - 4 scrolls of identify
 r - 2 scrolls of recharging
 y - 3 scrolls of enchant weapon {unknown}
 A - a scroll of fear {unknown}
 E - a scroll of holy word {unknown}
 H - a scroll of fog {unknown}
 K - a scroll of vulnerability {unknown}
Potions
 c - 2 potions of might
 h - a potion of haste
 k - a potion of cure mutation {unknown}
 o - a potion of ambrosia
 p - a potion of lignification {unknown}
 t - 2 potions of degeneration {unknown}
 w - 4 potions of heal wounds {unknown}
 I - a potion of berserk rage {unknown}
Comestibles
 d - 6 bread rations
 f - 6 meat rations
 O - 5 beef jerkies


   Skills:
 + Level 7.1 Fighting
 * Level 9.7 Maces & Flails
 - Level 3.0 Dodging
 + Level 8.2 Stealth
 + Level 7.1 Shields


You had 9 spell levels left.
You didn't know any spells.

Dungeon Overview and Level Annotations

Branches:
Dungeon (8/15)             Temple (1/1) D:4            Lair (0/6) D:8

Altars:
Ashenzari
Cheibriados
Dithmenos
Elyvilon
Fedhas
Gozag
Hepliaklqana
Kikubaaqudgha
Makhleb
Nemelex Xobeh
Okawaru
Qazlal
Ru
Sif Muna
Trog
Uskayaw
Xom
Yredelemnul
Zin
The Shining One

Shops:
D:7 =

Annotations:
D:2 exclusion: downstairs
D:6 Sigmund
D:7 exclusions: downstairs and upstairs, Gruud's ghost, novice DsHu


Innate Abilities, Weirdness & Mutations

You cannot wear most types of armour.
You are very stealthy in the water. (Stealth+)
You are amphibious.
You can wear up to eight rings at the same time.
You can use your tentacles to constrict eight enemies at once.
Your skin changes colour to match your surroundings (Stealth+).
Your rubbery body absorbs attacks. (AC +1, EV +1)


Message History

The crocodile bites you!
You barely miss the crocodile.
The crocodile is severely wounded.
Your shield prevents you from hitting the crocodile.
The crocodile is severely wounded.
You block the crocodile's attack.
You hit the crocodile but do no damage.
The crocodile is severely wounded.
The crocodile bites you!
* * * LOW HITPOINT WARNING * * *
You hit the crocodile but do no damage.
The crocodile is severely wounded.
You completely miss the crocodile. You squeeze the crocodile!
The crocodile is almost dead.
The crocodile bites you!
* * * LOW HITPOINT WARNING * * *
You hit the crocodile. You burn the crocodile.
The crocodile is almost dead.
The crocodile bites you!
You die...

#....# #...##..# Yt..##
#.#P....###. #r#.#
##...........
#.#.########.(.......♣..
#.#..........♣....P(....
#.......###♣.....P.♣....
#######.##........P...♣P
#.##..............
#.##.....P@>..P♣..
#....P.P..t.....P.
#÷#..♣..P....♣...P
#.###..P........P. #.#
#♣....♣.P..P.. #.#
#......♣...P# ## #.#
##P........## .# #.#
###.......# .######.# ##


You could see a crocodile.

Vanquished Creatures
  The ghost of esc the Shield-Bearer, a novice VSFi of Uskayaw (D:5)
  A troll (D:8)
  A shadow (D:7)
  5 yaks (D:8)
  Edmund (D:5)
  A water moccasin (D:8)
  An ice beast (D:5)
  3 ogres
  A centaur (D:6)
  3 crocodiles
  2 bullfrogs
  4 scorpions
  5 killer bees (D:4)
  A howler monkey (D:7)
  4 crimson imps
  A centaur skeleton (D:3)
  3 orc priests (D:7)
  A hound (D:6)
  An orc wizard (D:7)
  Crazy Yiuf (D:2)
  5 iguanas
  7 worker ants
  Natasha (thrice) (D:2)
  A hound zombie (D:8)
  A worker ant zombie (D:3)
  11 gnolls
  10 adders
  5 river rats (D:8)
  A shadow imp (D:5)
  2 oozes (D:4)
  3 adder skeletons
  An adder zombie (D:3)
  7 worms
  3 dart slugs
  4 leopard geckos
  11 orcs
  3 ball pythons
  3 giant cockroaches
  4 goblins
  6 hobgoblins
  7 jackals (D:3)
  2 quokkas
  5 bats
  A frilled lizard (D:3)
  A giant cockroach zombie (D:3)
  3 kobolds
  3 leopard gecko skeletons
  A quokka skeleton (D:6)
  5 rats
  2 fungi (D:2)
162 creatures vanquished.

Vanquished Creatures (others)
  4 plants (D:8)
4 creatures vanquished.

Grand Total: 166 creatures vanquished

Notes
Turn   | Place    | Note
-------+----------+-------------------------------------------
     0 | D:1      | motku89 the Octopode Fighter began the quest for the Orb.
     0 | D:1      | Reached XP level 1. HP: 16/16 MP: 1/1
   342 | D:1      | Reached XP level 2. HP: 21/21 MP: 2/2
   714 | D:1      | Reached XP level 3. HP: 21/26 MP: 3/3
   784 | D:1      | Reached skill level 3 in Maces & Flails
  1055 | D:2      | Noticed Natasha
  1063 | D:2      | Killed Natasha
  1063 | D:2      | Reached XP level 4. HP: 4/31 MP: 4/4
  1850 | D:2      | Noticed Natasha
  1857 | D:2      | Found a shadowy altar of Dithmenos.
  1858 | D:2      | Found a snail-covered altar of Cheibriados.
  1866 | D:2      | Killed Natasha
  1866 | D:2      | Reached skill level 4 in Maces & Flails
  1866 | D:2      | Reached XP level 5. HP: 36/36 MP: 5/5
  1895 | D:2      | Noticed Natasha
  1901 | D:2      | Killed Natasha
  2011 | D:2      | Found a runed door.
  2016 | D:2      | Noticed Crazy Yiuf
  2023 | D:2      | Killed Crazy Yiuf
  2388 | D:3      | Reached XP level 6. HP: 11/43 MP: 6/6
  2529 | D:3      | Found a shimmering altar of Xom.
  2959 | D:3      | Reached skill level 5 in Maces & Flails
  3415 | D:4      | Found a staircase to the Ecumenical Temple.
  3487 | Temple   | Entered the Ecumenical Temple
  3589 | Temple   | Became a worshipper of Makhleb the Destroyer
  3710 | D:4      | Reached skill level 1 in Stealth
  3836 | D:4      | Reached XP level 7. HP: 41/49 MP: 7/7
  3926 | D:4      | Found a sand-covered staircase.
  4165 | D:4      | Reached skill level 6 in Maces & Flails
  4709 | D:5      | Entered Level 5 of the Dungeon
  4709 | D:5      | Noticed esc's ghost (novice VSFi)
  4731 | D:5      | Killed esc's ghost
  4731 | D:5      | Reached skill level 5 in Fighting
  4731 | D:5      | Reached skill level 5 in Shields
  4731 | D:5      | Reached XP level 8. HP: 22/55 MP: 8/8
  4740 | D:5      | Reached * piety under Makhleb
  4954 | D:5      | Reached skill level 7 in Maces & Flails
  4967 | D:5      | Found a shattered altar of Ashenzari.
  5087 | D:5      | Noticed Edmund
  5094 | D:5      | Killed Edmund
  5132 | D:5      | Reached skill level 5 in Stealth
  5234 | D:5      | Reached XP level 9. HP: 62/62 MP: 9/9
  5236 | D:5      | Got a slimy brass ring
  5237 | D:5      | Identified the cursed ring of the Catamount {*Contam +Fly rPois Int+8 Slay-3} (You found it on level 5 of the Dungeon)
  5469 | D:6      | Reached skill level 8 in Maces & Flails
  5636 | D:6      | Noticed Sigmund
  5832 | D:7      | Found Celemod's Jewellery Boutique.
  6207 | D:7      | Reached ** piety under Makhleb
  6758 | D:8      | Found a staircase to the Lair.
  6778 | D:8      | Noticed a troll
  6853 | D:7      | Reached skill level 9 in Maces & Flails
  7031 | D:7      | Noticed Gruud's ghost (novice DsHu)
  7711 | D:8      | Reached XP level 10. HP: 25/69 MP: 10/10
  7832 | D:8      | HP: 1/69 [crocodile (9)]
  8221 | D:8      | Mangled by a crocodile

Vault maps used:
D:1:      lightli_arrival_maybe_door_vault, st_stairs_4
D:2:      nicolae_overflow_hidden_temple, first_bread,
          minmay_misc_feat_secret_circle, uniq_natasha, uniq_crazy_yiuf_cottage
D:3:      serial_undead, serial_undead_c, serial_undead_a, serial_undead_b,
          serial_undead_d, serial_undead_a, serial_undead_b, xom_teletrap_fun
D:4:      nicolae_ossuary_entry_plus
D:5:      cheibrodos_ashenzari_chains, uniq_edmund
D:6:      basic_altar, uniq_sigmund
D:7:      serial_shops, nicolae_shop_behind_doors, grunt_ogre_cave
D:8:      minmay_lair_entry_grove, st_stairs_3
Temple:   minmay_temple_bridge_d

Skill      XL: |  1  2  3  4  5  6  7  8  9 10 |
---------------+-------------------------------+-----
Maces & Flails | 3 4 5 6 7 9 |  9.7
Fighting       | 4 5 6 7 |  7.1
Shields        | 4 5 6 7 |  7.1
Stealth        | 1 4 5 7 8 |  8.2
Dodging        | |  3.0

Action                   |  1- 3 |  4- 6 |  7- 9 | 10-12 || total
-------------------------+-------+-------+-------+-------++-------
Melee: Flail             |    47 |   139 |       |       ||   186
       Tentacles         |     6 |    33 |    75 |    18 ||   132
       Constrict         |    14 |    43 |    43 |     5 ||   105
       Whip              |       |     3 |   319 |    60 ||   382
  Use: Scroll            |       |     5 |     1 |       ||     6
       Potion            |       |       |     5 |     1 ||     6
 Stab: Sleeping          |     4 |     5 |     9 |       ||    18
       Distracted        |       |       |     1 |       ||     1
  Eat: Chunk             |       |     8 |     9 |     1 ||    18
       Fruit             |       |       |     4 |       ||     4
       Beef jerky        |       |       |     1 |       ||     1
Armor: Skin              |     4 |     7 |    20 |     2 ||    33
Dodge: Dodged            |    12 |    55 |    69 |    15 ||   151
Block: Shield            |    12 |    53 |    96 |    14 ||   175
